 Dungeon Crawl Stone Soup version 0.21.1-1-g345015f (webtiles) character file.

30 prawnwizard the Insei (level 3, 0/23 HPs)
             Began as an Octopode Transmuter on July 4, 2018.
             Slain by a jackal (1 damage)
             ... on level 2 of the Dungeon.
             The game lasted 00:01:42 (693 turns).

prawnwizard the Insei (Octopode Transmuter)          Turns: 693, Time: 00:01:42

Health: 0/23       AC:  1    Str:  9    XL:     3   Next: 18%
Magic:  4/6        EV: 13    Int: 15    God:
Gold:   53         SH:  0    Dex: 13    Spells: 3/6 levels left

rFire    . . .     SeeInvis .     - Unarmed
rCold    . . .     Gourm    .   (no shield)
rNeg     . . .     Faith    .   (helmet restricted)
rPois    .         Spirit   .   (no amulet)
rElec    .         Reflect  .   l - ring of loudness (curse)
rCorr    .         Harm     .   (no ring)
MR       .....                  (no ring)
Stlth    +.........             (no ring)
HPRegen  0.07/turn              (no ring)
MPRegen  0.10/turn              (no ring)
                                (no ring)
                                (no ring)

@: appendage (expiring)
A: almost no armour, stealthy swim, amphibious, 8 rings, constrict 8, tentacle
spike 3, camouflage 1, gelatinous body 1
a: End Transformation


You were on level 2 of the Dungeon.
You were not hungry.
One of your tentacles had a temporary spike.
You visited 1 branch of the dungeon, and saw 2 of its levels.

You collected 53 gold pieces.

Inventory:

Missiles
 a - 30 arrows
Jewellery
 l - a cursed ring of loudness (left tentacle)
Scrolls
 e - a scroll of enchant weapon {unknown}
 f - 2 scrolls of teleportation {unknown}
 g - a scroll of fog {unknown}
 m - a scroll of immolation {unknown}
Potions
 h - a potion of might {unknown}
 i - a potion of curing {unknown}
 j - a potion of haste {unknown}
 k - a potion of flight {unknown}
 n - a potion of agility {unknown}
Books
 b - a book of Changes

   Spells                             Type                      Level
   a - Beastly Appendage              Transmutation                1
   b - Sticks to Snakes               Transmutation                2
   c - Spider Form                    Transmutation/Poison         3
   d - Ice Form                       Ice/Transmutation            4
   e - Blade Hands                    Transmutation                5
Comestibles
 c - 3 rations
 d - 4 chunks of flesh


   Skills:
 + Level 1.3 Fighting
 + Level 2.2 Dodging
 + Level 3.4 Unarmed Combat
 + Level 2.2 Spellcasting
 * Level 2.5 Transmutations


You had 3 spell levels left.
You knew the following spells:

 Your Spells              Type           Power        Failure   Level  Hunger
a - Beastly Appendage     Tmut           #.....       8%          1    #......
b - Sticks to Snakes      Tmut           #.......     12%         2    ###....


Dungeon Overview and Level Annotations

Branches:
Dungeon (2/15)

Altars:

Annotations:
D:2 Terence


Innate Abilities, Weirdness & Mutations

You cannot wear most types of armour.
You are very stealthy in the water. (Stealth+)
You are amphibious.
You can wear up to eight rings at the same time.
You can use your tentacles to constrict eight enemies at once.
Your skin changes colour to match your surroundings (Stealth+).
Your rubbery body absorbs attacks. (AC +1, EV +1)
One of your tentacles bears a large vicious spike.


Message History

The kobold hits you with a dagger.
An adder and a jackal come into view.
You feel sick. The jackal bites you.
* * * LOW HITPOINT WARNING * * *
The jackal barks!
The jackal pauses to sniff the ground.
You feel sick.
You are no longer poisoned.
Terence shouts, "DIE!!!"
The jackal bites you.
* * * LOW HITPOINT WARNING * * *
You see here an adder skeleton.
The jackal bites you.
* * * LOW HITPOINT WARNING * * *
Your transformation is almost over.
The jackal closely misses you. The jackal barely misses you.
The jackal bites you.
You die...

...........## ##
S....#...((.#
#..## ..#
#K###K##......
#......(#
#####.#.#
######### #รท#.#
#.......####K#..
#........h.K.#...
#....@h.@#####....
#...<....# ..?..
#.....#### ##....
#...### #####


You could see Terence, 2 jackals and 2 kobolds.

Vanquished Creatures
  An adder (D:2)
  2 dart slugs (D:1)
  A ball python (D:1)
  A giant cockroach (D:1)
  5 hobgoblins (D:1)
  A kobold (D:1)
  A bat (D:1)
  A frilled lizard (D:1)
  A goblin (D:1)
  2 rats (D:1)
16 creatures vanquished.

Notes
Turn   | Place    | Note
-------+----------+-------------------------------------------
     0 | D:1      | prawnwizard the Octopode Transmuter began the quest for the Orb.
     0 | D:1      | Reached XP level 1. HP: 13/13 MP: 3/3
   144 | D:1      | Reached XP level 2. HP: 12/18 MP: 3/5
   159 | D:1      | Learned a level 2 spell: Sticks to Snakes
   668 | D:2      | Reached XP level 3. HP: 19/23 MP: 4/6
   676 | D:2      | Noticed Terence
   686 | D:2      | HP: 1/23 [jackal (2)]
   693 | D:2      | Slain by a jackal

Action                   || total
-------------------------++-------
Melee: Unarmed           ||    40
       Tentacles         ||     6
       Constrict         ||     8
       Kick              ||     7
 Cast: Beastly Appendage ||    12
 Stab: Sleeping          ||     2
Armor: Skin              ||     2
Dodge: Dodged            ||    28
